 Dungeon Crawl Stone Soup version 0.28.0-1-gb440e238dd (webtiles) character file.

Game seed: 8470330431709113505

145 Eitelfritz the Chopper (level 5, 0/46 HPs)
             Began as a Hill Orc Fighter on Feb 21, 2022.
             Slain by a gnoll (3 damage)
             ... on level 3 of the Dungeon.
             The game lasted 00:03:11 (2307 turns).

Eitelfritz the Chopper (Hill Orc Fighter)           Turns: 2307, Time: 00:03:12

Health: 0/46       AC:  8    Str: 21    XL:     5   Next: 27%
Magic:  5/5        EV: 10    Int:  8    God:
Gold:   65         SH:  4    Dex: 10    Spells: 4/4 levels left

rFire   . . .      SeeInvis .   a - +0 war axe
rCold   . . .      Faith    .   c - +0 buckler
rNeg    . . .      Spirit   .   n - +3 ring mail of the Hidden Vale {Will+}
rPois   .          Reflect  .   (no helmet)
rElec   .          Harm     .   (no cloak)
rCorr   .          Rampage  .   (no gloves)
Will    +....                   (no boots)
Stlth   ..........              (no amulet)
HPRegen 0.15/turn               (no ring)
MPRegen 0.09/turn               (no ring)

@: mighty
A: no striking features
a: no special abilities


You were on level 3 of the Dungeon.
You visited 1 branch of the dungeon, and saw 3 of its levels.

You collected 65 gold pieces.

Inventory:

Hand Weapons
 a - a +0 war axe (weapon)
 g - a +0 spear
 i - a +0 hand axe of electrocution
 j - a +0 battleaxe
Missiles
 f - 6 boomerangs (quivered)
 o - 3 poisoned darts
Armour
 b - a +0 scale mail
 c - a +0 buckler (worn)
 n - the +3 ring mail of the Hidden Vale (worn) {Will+}
   (You found it on level 2 of the Dungeon)

   Will:      It increases your willpower.
Scrolls
 e - a scroll of identify {unknown}
 h - a scroll of teleportation {unknown}
 m - a scroll of torment {unknown}
Potions
 k - a potion of invisibility {unknown}
 l - a potion of resistance {unknown}


   Skills:
 + Level 4.3 Fighting
 + Level 5.3 Axes
 + Level 3.9 Armour
 + Level 0.7 Dodging
 + Level 3.7 Shields


You had 4 spell levels left.
You didn't know any spells.
Your spell library contained the following spells:

 Spells                   Type           Power      Damage    Failure   Level
 Shock                    Conj/Air       0%         1d3       67%         1
 Swiftness                Air            0%         N/A       95%         3
 Airstrike                Air            0%         N/A       100%        4


Dungeon Overview and Level Annotations

Branches:
Dungeon (3/15)

Altars:


Message History

You slash the gnoll!
The gnoll is almost dead.
The gnoll barely misses you. The gnoll hits you with a +0 spear.
The gnoll closely misses you.
You hit the gnoll.
You kill the gnoll!
The gnoll barely misses you.
You barely miss the gnoll. The gnoll barely misses you.
The gnoll hits you from afar with a +0 halberd!
You slash the gnoll!
The gnoll is severely wounded.
The gnoll barely misses you. The gnoll closely misses you.
You block the gnoll's attack.
You hit the gnoll but do no damage.
The gnoll is severely wounded.
You block the gnoll's attack.
The gnoll hits you with a +1 vampiric whip.
The gnoll draws strength from your wounds!
The gnoll barely misses you.
You slash the gnoll!
You kill the gnoll!
The gnoll hits you from afar with a +0 halberd.
You hit the gnoll.
The gnoll is lightly wounded.
The gnoll hits you from afar with a +0 halberd!
The gnoll barely misses you.
You hit the gnoll.
The gnoll is lightly wounded.
The gnoll hits you from afar with a +0 halberd.
* * * LOW HITPOINT WARNING * * *
The gnoll hits you with a +0 flail.
* * * LOW HITPOINT WARNING * * *
You barely miss the gnoll.
The gnoll is lightly wounded.
You block the gnoll's attack. The gnoll closely misses you. x2
The gnoll hits you from afar with a +0 halberd.
* * * LOW HITPOINT WARNING * * *
You feel very mighty all of a sudden.
The gnoll hits you from afar with a +0 halberd.
You die...

#.#......≈..≈.≈≈≈.≈..
#.#.....#§§≈≈≈≈.≈≈≈≈≈
#.#......#.≈..≈.≈..≈.
###...........§.≈§
#............#.≈≈.
#.####.###.#.#.... #
#....g....# ##
#g#####.###
#..@gS.....
#######.###


You could see 2 gnolls and a ball python.

Vanquished Creatures
  Natasha (twice) (D:2)
  2 gnolls (D:3)
  2 adders (D:2)
  A dart slug (D:1)
  7 ball pythons
  2 bat zombies (D:2)
  3 endoplasms
  2 giant cockroaches (D:2)
  6 goblins
  6 hobgoblins
  A quokka (D:1)
  A ball python skeleton (D:2)
  A ball python zombie (D:2)
  5 bats
  4 frilled lizards
  5 kobolds
  A quokka skeleton (D:3)
  8 rats
59 creatures vanquished.

Vanquished Creatures (others)
  3 withered plants (D:2)
3 creatures vanquished.

Grand Total: 62 creatures vanquished

Notes
Turn   | Place    | Note
-------+----------+-------------------------------------------
     0 | D:1      | Eitelfritz the Hill Orc Fighter began the quest for the
                  | Orb.
     0 | D:1      | Reached XP level 1. HP: 19/19 MP: 1/1
   300 | D:1      | Reached XP level 2. HP: 27/27 MP: 2/2
   894 | D:1      | Reached skill level 3 in Axes
  1019 | D:2      | Reached XP level 3. HP: 32/33 MP: 3/3
  1289 | D:2      | Noticed Natasha
  1305 | D:2      | Killed Natasha
  1306 | D:2      | Reached XP level 4. HP: 10/40 MP: 4/4
  1335 | D:2      | Noticed Natasha
  1406 | D:2      | Killed Natasha
  1407 | D:2      | Reached skill level 4 in Axes
  1880 | D:2      | Identified the +3 ring mail of the Hidden Vale {Will+}
  1941 | D:2      | Reached XP level 5. HP: 39/46 MP: 5/5
  2160 | D:3      | Reached skill level 5 in Axes
  2255 | D:3      | Found a faded altar of an unknown god.
  2307 | D:3      | Slain by a gnoll

Illustrated notes

Levels and vault maps discovered:
D:1:      lightli_arrival_noodles, layout_basic
D:2:      layout_basic, serial_undead, serial_undead_d, serial_undead_c,
          serial_undead_c, serial_undead_f, uniq_natasha
D:3:      layout_basic, xom_redecorated,
          shapermc_ecumenical_altar_starsandcircs, grunt_ministairs_15

Skill      XL: |  1  2  3  4  5 |
---------------+----------------+-----
Fighting       | 4 |  4.3
Axes           | 3 4 5 |  5.3
Armour         | |  3.9
Dodging        | |  0.7
Shields        | |  3.7

Action                   |  1- 3 |  4- 6 || total
-------------------------+-------+-------++-------
Melee: War axe           |   100 |    65 ||   165
  Use: Potion            |       |     1 ||     1
Armor: Scale mail        |    58 |    13 ||    71
       Ring mail         |       |    17 ||    17
Dodge: Dodged            |    69 |    42 ||   111
Block: Buckler           |    28 |    11 ||    39
